 Dungeon Crawl Stone Soup version 0.31-a0-640-g39d97e502b (webtiles) character file.

Game seed: 9623889254387621734

21401 arthad the Fighter (level 12, 0/82 HPs)
             Began as a Gargoyle Monk on Aug 28, 2023.
             Was the Champion of Okawaru.
             Slain by a manticore (6 damage)
             ... on level 12 of the Dungeon.
             The game lasted 00:18:53 (8631 turns).

arthad the Fighter (Gargoyle Monk)                  Turns: 8631, Time: 00:18:53

Health: 0/82       AC: 21    Str: 22    XL:     12   Next: 89%
Magic:  27/27      EV: 14    Int: 11    God:    Okawaru [******]
Gold:   368        SH:  0    Dex: 12    Spells: 11/11 levels left

rFire   . . .        o - +9 morningstar (heavy)
rCold   . . .        d - orb {light}
rNeg    + . .        q - +4 robe "Wyhox" {rElec Will- Regen+}
rPois   ∞            A - +0 helmet
rElec   +            (no cloak)
rCorr   +            y - +0 pair of gloves
SInv    .            p - +2 pair of boots {rampage}
Will    .....        l - amulet of regeneration
Stlth   +            b - ring "Noemosh" {+Blink MP+9 Str+2}
HPRegen 1.93/turn    W - ring of resist corrosion
MPRegen 0.20/turn

%: rampage
@: glowing
A: sickness immunity, AC +8, negative energy resistance 1, electricity
resistance, torment resistance 1, petrification resistance
a: Renounce Religion, Evoke Blink, Heroism, Finesse, Duel


You were on level 12 of the Dungeon.
You worshipped Okawaru.
Okawaru was exalted by your worship.
You visited 1 branch of the dungeon, and saw 13 of its levels.
You also visited: Gauntlet.

You collected 766 gold pieces.
You spent 398 gold pieces at shops.

Inventory:

Hand Weapons
 o - a +9 heavy morningstar (weapon)
 R - a +0 morningstar of draining
 T - a +1 broad axe of freezing
 Y - a +5 flail of holy wrath
Missiles
 s - 11 javelins (quivered)
 B - 42 poisoned darts
 F - 13 boomerangs
 L - 4 atropa-tipped darts
 O - a curare-tipped dart
Armour
 d - an orb of light (worn)
 p - a +2 pair of boots of rampaging (worn)
 q - the +4 robe "Wyhox" (worn) {rElec Will- Regen+}
   (You found it on level 3 of the Dungeon)

   rElec:     It insulates you from electricity.
   Will-:     It decreases your willpower.
   Regen+:    It increases your rate of health regeneration.
 y - a +0 pair of gloves (worn)
 A - a +0 helmet (worn)
 V - the +2 chain mail "Vacsaqoh" {Harm Rampage Str-5}
   (Okawaru gifted it to you on level 9 of the Dungeon)

   Str-5:     It affects your strength (-5).
   Harm:      It increases damage dealt and taken.
   Rampage:   It bestows one free step when moving towards enemies.
Jewellery
 b - the ring "Noemosh" (left hand) {+Blink MP+9 Str+2}
   (You found it in a Gauntlet)

   [ring of magical power]

   Str+2:     It affects your strength (+2).
   MP+9:      It affects your magic capacity (+9).
   +Blink:    It lets you blink.
 l - an amulet of regeneration (around neck)
 u - a ring of wizardry
 W - a ring of resist corrosion (right hand)
Wands
 e - a wand of roots (2)
 t - a wand of quicksilver (13)
 x - a wand of flame (24)
 J - a wand of charming (26)
 P - a wand of digging (6)
 U - a wand of polymorph (7)
Scrolls
 c - 2 scrolls of revelation
 g - 3 scrolls of silence
 i - 5 scrolls of fear
 k - 5 scrolls of teleportation
 m - a scroll of enchant weapon
 n - 3 scrolls of fog
 C - a scroll of blinking
 E - 2 scrolls of poison
 I - a scroll of identify
 M - a scroll of vulnerability
 N - a scroll of immolation
 S - 3 scrolls of enchant armour
Potions
 h - 2 potions of berserk rage {unknown}
 j - a potion of might
 r - 3 potions of curing
 v - a potion of magic {unknown}
 z - 5 potions of haste
 D - a potion of invisibility {unknown}
 G - 2 potions of lignification
 H - 2 potions of enlightenment {unknown}
 K - 2 potions of degeneration {unknown}
 Q - a potion of heal wounds
 X - a potion of cancellation {unknown}
Miscellaneous
 a - a phial of floods
 f - a phantom mirror
 w - a box of beasts


   Skills:
 * Level 12.8 Fighting
 * Level 11.8 Maces & Flails
 + Level 9.0 Armour
 + Level 7.4 Dodging
 + Level 8.2 Invocations


You had 11 spell levels left.
You didn't know any spells.
Your spell library contained the following spells:

 Spells                   Type           Power      Damage    Failure   Level
 Apportation              Tloc           0%         N/A       34%         1
 Magic Dart               Conj           0%         1d3       34%         1
 Dazzling Flash           Conj/Hex       0%         N/A       71%         3
 Mephitic Cloud           Conj/Pois/Air  0%         N/A       71%         3
 Portal Projectile        Hex/Tloc       0%         N/A       71%         3
 Volatile Blastmotes      Fire/Tloc      0%         2d10      71%         3
 Cause Fear               Hex            0%         N/A       98%         4
 Dispel Undead            Necr           0%         3d6       98%         4
 Iskenderun's Mystic Bla  Conj/Tloc      0%         2d3       98%         4
 Alistair's Intoxication  Tmut/Pois      0%         N/A       100%        5
 Fireball                 Conj/Fire      0%         3d3       100%        5
 Eringya's Noxious Bog    Tmut/Pois      0%         4d6       100%        6
 Plasma Beam              Fire/Air       0%         2x1d10    100%        6
 Starburst                Conj/Fire      0%         6d3       100%        6
 Ignition                 Fire           0%         3d3       100%        8
 Maxwell's Capacitive Co  Air            0%         ∞         100%        8
 Summon Small Mammal      Summ           Unusable   N/A       N/A         1
 Call Imp                 Summ           Unusable   N/A       N/A         2
 Cigotuvi's Dreadful Rot  Necr/Pois/Air  Unusable   N/A       N/A         2
 Call Canine Familiar     Summ           Unusable   N/A       N/A         3
 Summon Guardian Golem    Hex/Summ       Unusable   N/A       N/A         3
 Tukima's Dance           Hex            Unusable   N/A       N/A         3
 Death Channel            Necr           Unusable   N/A       N/A         6
 Dragon's Call            Summ           Unusable   N/A       N/A         9

Dungeon Overview and Level Annotations

Branches:
Dungeon (13/15)            Temple (0/1) D:4            Lair (0/5) D:11
    Orc (0/2) D:9         Gauntlet (visited)
 Vaults: D:13-14

Altars:
Ashenzari
Dithmenos
Hepliaklqana
Kikubaaqudgha
Nemelex Xobeh
Okawaru
Qazlal
Ru
Trog
Vehumet
Xom
Yredelemnul

Shops:
D:1 ([((   D:5 =   D:9 *


Innate Abilities, Weirdness & Mutations

You are immune to sickness and miasma.
Your stone body is resilient. (AC +8)
You are immune to poison.
You resist negative energy. (rN+)
You are resistant to electric shocks. (rElec)
You are resistant to unholy torment.
You are immune to petrification.


Message History

The manticore flicks its tail.
The volley of spikes hits you!
The barbed spikes become lodged in your body.
* * * LOW HITPOINT WARNING * * *
The slime creature closely misses you.
You bludgeon the slime creature!!
You kill the slime creature!
Okawaru accepts your kill.
You hit the manticore.
The manticore is lightly wounded.
The manticore bites you but does no damage.
The manticore barely misses you.
The manticore claws you but does no damage.
You barely miss the manticore.
The manticore is lightly wounded.
The manticore bites you!
* * * LOW HITPOINT WARNING * * *
The manticore claws you.
* * * LOW HITPOINT WARNING * * *
The manticore claws you but does no damage.
You hit the manticore but do no damage.
The manticore is lightly wounded.
The manticore bites you but does no damage.
The manticore claws you but does no damage.
The manticore claws you.
* * * LOW HITPOINT WARNING * * *
The manticore bites you but does no damage.
The manticore closely misses you. The manticore completely misses you.
You sock the manticore!
The manticore is moderately wounded.
The manticore closely misses you. The manticore claws you.
* * * LOW HITPOINT WARNING * * *
The manticore claws you.
* * * LOW HITPOINT WARNING * * *
You feel better.
You carefully extract the barbed spikes from your body.
The manticore bites you!
* * * LOW HITPOINT WARNING * * *
The manticore claws you.
You die...

.##.#.# ..... #...# ###
#..$# ..# #...# #.#
#...# #.#
######..H######
#####.###.......@...(.#
.#................[.(...
...(.#..#........(..(.#.
.#.#†.#.######...######
.....##.# #...#
.#.####.# #...# .#.# #.#
#...# .#.. ..# .....
.#### ###


You could see a manticore.

Vanquished Creatures
  Gastronok (D:8)
  A minotaur (Gauntlet)
  A centaur warrior (D:13)
  3 boulder beetles
  2 two-headed ogres
  A wizard (Gauntlet)
  3 manticores
  A cyclops (D:13)
  An apocalypse crab (Gauntlet)
  Psyche (D:9)
  A gargoyle (D:13)
  An unseen horror (D:13)
  A minotaur zombie (Gauntlet)
  A kobold demonologist (D:13)
  A queen bee (Gauntlet)
  A hornet (D:8)
  4 trolls
  A shadow (Arena)
  12 slime creatures
  Sigmund (D:3)
  2 vampires (D:11)
  29 yaks
  2 wyverns
  2 steam dragons
  2 acid dragons (D:11)
  3 orc warriors
  An ogre (D:5)
  2 black bears
  A sky beast (D:8)
  3 centaurs
  2 phantoms
  7 kobold brigands
  2 bullfrogs
  A gnoll sergeant (D:9)
  2 scorpions
  6 wights
  10 killer bees
  3 howler monkeys
  4 hounds
  2 gnoll boudas
  6 orc priests
  2 sleepcaps
  Terence (D:2)
  10 orc wizards
  Robin (D:4)
  17 gnolls
  2 adders
  2 shadow imps
  2 white imps
  An ufetubus (D:7)
  3 worms
  A dart slug (D:2)
  44 orcs
  13 endoplasms
  4 giant cockroaches
  16 goblins
  10 hobgoblins
  4 jackals (D:5)
  2 quokkas (D:1)
  4 ball pythons
  5 bats
  2 frilled lizards
  27 kobolds
  9 rats
313 creatures vanquished.

Notes
Turn   | Place    | Note
-------+----------+-------------------------------------------
     0 | D:1      | arthad the Gargoyle Monk began the quest for the Orb.
     0 | D:1      | Reached XP level 1. HP: 14/14 MP: 1/1
    33 | D:1      | Found Iffoun's Weapon Shop.
   244 | D:1      | Reached XP level 2. HP: 19/19 MP: 2/2
   262 | D:1      | Found Qonutat's Antique Weapon Boutique.
   426 | D:1      | Found Etzyig's Antique Armour Boutique.
   488 | D:1      | Found Wustre's Antique Weapon Emporium.
   745 | D:2      | Found a faded altar of an unknown god.
   775 | D:2      | Noticed Terence
   797 | D:2      | Killed Terence
   798 | D:2      | Reached skill level 1 in Armour
   798 | D:2      | Reached XP level 3. HP: 21/24 MP: 3/3
   959 | D:2      | Reached skill level 4 in Fighting
  1081 | D:1      | Bought a runed morningstar for 133 gold pieces
  1291 | D:2      | Reached XP level 4. HP: 28/29 MP: 4/4
  1624 | D:3      | Noticed Sigmund
  1631 | D:3      | Killed Sigmund
  1632 | D:3      | Reached XP level 5. HP: 20/34 MP: 5/5
  1641 | D:3      | Found a sacrificial altar of Ru.
  1718 | D:3      | Identified the +4 robe "Wyhox" {rElec Will- Regen+}
  1787 | D:3      | Reached XP level 6. HP: 40/40 MP: 6/6
  1823 | D:3      | Reached skill level 5 in Fighting
  1836 | D:3      | Found an iron altar of Okawaru.
  1845 | D:3      | Became a worshipper of Warmaster Okawaru
  1845 | D:3      | Reached * piety under Okawaru
  1845 | D:3      | Reached ** piety under Okawaru
  1874 | D:3      | Found a radiant altar of Vehumet.
  2225 | D:4      | Noticed Robin
  2239 | D:4      | Killed Robin
  2423 | D:4      | Reached skill level 5 in Maces & Flails
  2435 | D:4      | Found a staircase to the Ecumenical Temple.
  2445 | D:4      | Reached XP level 7. HP: 44/44 MP: 7/7
  2819 | D:5      | Entered Level 5 of the Dungeon
  2852 | D:5      | Noticed a wyvern
  2859 | D:5      | Killed a wyvern
  2860 | D:5      | Reached skill level 1 in Invocations
  2883 | D:5      | Found Pius Umpu's Jewellery Emporium.
  2890 | D:5      | Reached skill level 6 in Fighting
  3426 | D:5      | Reached *** piety under Okawaru
  3427 | D:5      | Reached XP level 8. HP: 35/52 MP: 9/9
  3623 | D:5      | Found a sparkling altar of Nemelex Xobeh.
  4077 | D:6      | Reached skill level 7 in Fighting
  4140 | D:6      | Reached **** piety under Okawaru
  4141 | D:6      | Reached XP level 9. HP: 57/57 MP: 11/11
  4204 | D:6      | Found an ancient bone altar of Kikubaaqudgha.
  4565 | D:7      | Reached skill level 8 in Fighting
  4662 | D:7      | Found a shimmering altar of Xom.
  4797 | D:7      | Reached skill level 5 in Armour
  4969 | D:8      | Noticed Gastronok
  5189 | D:8      | Reached ***** piety under Okawaru
  5191 | D:8      | Reached skill level 5 in Dodging
  5331 | D:8      | Reached XP level 10. HP: 45/65 MP: 13/13
  5352 | D:8      | Killed Gastronok
  5353 | D:8      | Reached skill level 9 in Fighting
  5353 | D:8      | Reached skill level 5 in Invocations
  5535 | D:8      | Received a gift from Okawaru
  5557 | D:8      | Found a faded altar of an unknown god.
  5557 | D:8      | Found a broken altar of Ashenzari.
  5564 | D:8      | Found a stormy altar of Qazlal.
  5566 | D:8      | Found a hazy altar of Hepliaklqana.
  5568 | D:8      | Found a basalt altar of Yredelemnul.
  5946 | D:9      | Noticed Psyche
  5952 | D:9      | Killed Psyche
  5953 | D:9      | Reached skill level 10 in Fighting
  5988 | D:9      | Found a staircase to the Orcish Mines.
  5999 | D:9      | Found Nigy's Assorted Antiques.
  6007 | D:9      | Bought 2 green potions for 70 gold pieces
  6007 | D:9      | Bought a scroll labelled BAXUTAO EMOTIN for 39 gold pieces
  6007 | D:9      | Bought a scroll labelled OQIQIMP EHALA for 39 gold pieces
  6007 | D:9      | Bought a scroll labelled VAGHIQ ERETUD for 39 gold pieces
  6007 | D:9      | Bought 2 scrolls labelled LIOKAP QYNUURI for 78 gold pieces
  6144 | D:9      | Found a shadowy altar of Dithmenos.
  6198 | D:9      | Identified the +2 chain mail "Vacsaqoh" {Harm Rampage
                  | Str-5} (Okawaru gifted it to you on level 9 of the Dungeon)
  6198 | D:9      | Received a gift from Okawaru
  6249 | D:9      | Found a bloodstained altar of Trog.
  6422 | D:10     | Entered Level 10 of the Dungeon
  6495 | D:10     | Reached XP level 11. HP: 63/73 MP: 15/15
  6589 | D:10     | Noticed a boulder beetle
  6600 | D:10     | Killed a boulder beetle
  6657 | D:10     | Noticed a two-headed ogre
  6668 | D:10     | Killed a two-headed ogre
  6734 | D:10     | You fall into a shaft and drop 3 floors!
  6840 | D:13     | Noticed a centaur warrior
  6848 | D:13     | Noticed a soul eater
  6854 | D:13     | Killed a centaur warrior
  6855 | D:13     | Reached skill level 11 in Fighting
  6855 | D:13     | Reached skill level 10 in Maces & Flails
  6873 | D:13     | Found a gate leading to a gauntlet.
  6886 | Gauntlet | Entered a Gauntlet
  6886 | Gauntlet | Found a transporter.
  6886 | Gauntlet | Found a runed translucent door.
  6886 | Gauntlet | Found a transporter.
  6886 | Gauntlet | Found a transporter.
  6886 | Gauntlet | Found a runed translucent door.
  6887 | Gauntlet | Found a transporter.
  6888 | Gauntlet | Found a transporter.
  6889 | Gauntlet | Noticed a fire crab
  6891 | Gauntlet | Found a transporter.
  6893 | Gauntlet | Noticed a wizard
  6897 | Gauntlet | Noticed a large abomination
  6898 | Gauntlet | Found a transporter.
  6900 | Gauntlet | Found a transporter.
  6902 | Gauntlet | Found a transporter.
  6904 | Gauntlet | Found a transporter.
  6910 | Gauntlet | Found a transporter.
  6911 | Gauntlet | Found a transporter.
  7110 | Gauntlet | Killed a wizard
  7152 | Gauntlet | Identified the ring "Noemosh" {+Blink MP+9 Str+2}
  7211 | Gauntlet | Noticed a minotaur
  7219 | Gauntlet | HP: 3/111 [minotaur/+3 quarterstaff of draining (13)]
  7229 | Gauntlet | Killed a minotaur
  7272 | Gauntlet | Got the Folio of the Stinger and the Burn
  7465 | D:13     | Noticed a boulder beetle
  7470 | D:13     | Killed a boulder beetle
  7474 | Arena    | Entered the Arena
  7573 | D:13     | Reached XP level 12. HP: 80/80 MP: 17/17
  7616 | D:12     | Noticed a boulder beetle
  7625 | D:12     | Killed a boulder beetle
  7938 | D:11     | Reached skill level 12 in Fighting
  8044 | D:11     | Noticed a two-headed ogre
  8048 | D:11     | Killed a two-headed ogre
  8048 | D:11     | Reached ****** piety under Okawaru
  8237 | D:11     | Received a gift from Okawaru
  8336 | D:11     | Found a staircase to the Lair.
  8631 | D:12     | Slain by a manticore

Illustrated notes

Levels and vault maps discovered:
D:1:      sevenhm_arrival_forest_fort_small_6, layout_loops_ring, serial_shops,
          shop, nicolae_shop_pleasant_corner_grove,
          nicolae_shop_advertising_works [nicolae_subvault_shop_adworks], shop,
          skrybe_limestone_x
D:2:      layout_basic, nicolae_ecumenical_pavilion, minmay_pentomino_z4,
          uniq_terence
D:3:      layout_rooms, nicolae_ru_sacrificial_ziggurat, vehumet_altar_wand_db,
          mainiacjoe_overflow_surrounded_room, serial_curves, eino_curves_02,
          eino_curves_02, uniq_sigmund
D:4:      layout_loops_ring, minmay_temple_entry_arrows, uniq_robin
D:5:      layout_layer_cave, nemelex_diamond_rough_becter, serial_shops, shop
D:6:      layout_rooms, mainiacjoe_overflow_six_doors_small
D:7:      layout_cave_pools, mainiacjoe_overflow_catwalk, serial_column_ruins,
          column_ruins_hut, column_ruins_grid_3, column_ruins_columns_corner,
          column_ruins_grid_1, column_ruins_columns_straight
D:8:      layout_basic, chequers_temple_overflow_minitemple, uniq_gastronok
D:9:      layout_loops_cross, mainiacjoe_overflow_alcove_1,
          grunt_dithmenos_smoke_and_mirrors, orc_0_dummy, serial_shops, shop,
          uniq_psyche
D:10:     layout_cave_pools
D:11:     layout_stronghold, lair_entry_dummy, serial_column_ruins,
          column_ruins_columns_T, column_ruins_grid_1,
          column_ruins_corridor_straight, column_ruins_columns_corner,
          column_ruins_grid_3, column_ruins_open_medium
D:12:     layout_loops_cross, serial_shops, nicolae_shop_mannequins,
          ebering_ghost_xom, fedhas_ov_isle_minmay
D:13:     layout_basic, serial_corexii_hall, corexii_hall_statues_l,
          chequers_hall_statues_y, gauntlet_entry_generic

Skill      XL: |  1  2  3  4  5  6  7  8  9 10 11 12 |
---------------+-------------------------------------+-----
Armour         | 1 2 3 4 5 6 8 9 |  9.0
Fighting       | 4 5 6 7 8 10 11 12 | 12.8
Maces & Flails | 4 5 6 8 9 10 11 | 11.8
Dodging        | 3 4 5 6 7 |  7.4
Invocations    | 1 3 4 6 7 8 |  8.2

Action                     |  1- 3 |  4- 6 |  7- 9 | 10-12 || total
---------------------------+-------+-------+-------+-------++-------
  Melee: Mace              |    56 |       |       |       ||    56
         Morningstar       |    10 |    96 |   197 |   306 ||   609
         Unarmed           |       |       |       |     9 ||     9
  Throw: Javelin           |       |       |       |    13 ||    13
 Invoke: Heroism           |       |       |       |     4 ||     4
         Duel              |       |       |       |     1 ||     1
    Use: Potion            |       |     1 |     1 |     9 ||    11
         Scroll            |       |       |       |    15 ||    15
 Armour: Robe              |    12 |    38 |   139 |   209 ||   398
         Chain mail        |    10 |    24 |       |       ||    34
         Skin              |       |       |       |    10 ||    10
  Dodge: Dodged            |    49 |    81 |   229 |   288 ||   647

Table legend: (Time is in decaauts)
 A = Elapsed time spent in this place.
 B = Non-inter-level travel time spent in this place.
 C = Inter-level travel time spent in this place.
 D = Time resting spent in this place.
 E = Time spent auto-exploring this place.
 F = Levels seen in this place.
 G = Mean time per level.
                   A        B        C        D        E       F      G
               +--------+--------+--------+--------+--------+-----+--------+
         Total |   9004 |   8720 |    284 |    140 |   6396 |  15 |  600.3 |
       Dungeon |   8540 |   8256 |    284 |     51 |   6231 |  13 |  656.9 |
      Gauntlet |    439 |    439 |      0 |     68 |    165 |   1 |  439.0 |
         Arena |     25 |     25 |      0 |     20 |      0 |   1 |   25.0 |
               +--------+--------+--------+--------+--------+-----+--------+

Top non-repeatable levels by time:
     D:5: 1269 daAuts
     D:8: 874 daAuts
     D:2: 829 daAuts
     D:1: 829 daAuts
    D:11: 719 daAuts
     D:4: 704 daAuts
     D:9: 623 daAuts
     D:3: 575 daAuts
     D:7: 569 daAuts
    D:10: 495 daAuts
     D:6: 447 daAuts
Gauntlet: 439 daAuts
    D:13: 421 daAuts
    D:12: 180 daAuts
   Arena: 25 daAuts
